| TOP OF THE 1ST |
|
Fresno Grizzlies batting - Pitching for Salt Lake Bees : RHP Bartholomeu Voivodic
|
|
Pitching: RHP Bartholomeu Voivodic
|
|
|
Batting: RHB Xavier Castaneda
|
0-0: SINGLE (Groundball, 4D, EV 96.2 MPH)
|
|
Batting: RHB Mark Marks
|
0-0: Swinging Strike 0-1: Ball 1-1: Fielders Choice at 2nd, 1-4 (Groundball, 15S, EV 68.1 MPH)
|
|
Batting: RHB Ramon Castellon
|
0-0: Called Strike 0-1: Foul Ball, location: 2F 0-2: Foul Ball, location: 2F 0-2: Ball 1-2: Foul Ball, location: 2F 1-2: SINGLE (Groundball, 4MD, EV 103.8 MPH) Mark Marks to second Runner from 2nd tries for 3rd, OUT! 8-5
|
|
Batting: RHB Elijah Hunter
|
0-0: Ball 1-0: Ball 2-0: Ball 3-0: Fly out, F7 (Flyball, 7LD, EV 90.6 MPH)
|
| Top of the 1st over - 0 runs, 2 hits, 0 errors, 1 left on base; Fresno 0 - Salt Lake 0 |
| BOTTOM OF THE 1ST |
|
Salt Lake Bees batting - Pitching for Fresno Grizzlies : RHP Scott Spillman
|
|
Pitching: RHP Scott Spillman
|
|
|
Batting: RHB Kian-tat Chen
|
0-0: Ball 1-0: Foul Ball, location: 2F 1-1: Called Strike 1-2: Fly out, F8 (Flyball, 89XD, EV 101.9 MPH)
|
|
Batting: RHB Ryan Munro
|
0-0: Called Strike 0-1: Called Strike 0-2: Ball 1-2: Foul Ball, location: 2F 1-2: Ground out 6-3 (Groundball, 6M, EV 79.4 MPH)
|
|
Batting: LHB Jonathon Walton
|
0-0: Foul Ball, location: 2F 0-1: Called Strike 0-2: Ball 1-2: Foul Ball, location: 2F 1-2: Foul Ball, location: 2F 1-2: Foul Ball, location: 2F 1-2: SINGLE (Flyball, 7S, EV 91.9 MPH)
|
|
Batting: RHB Melvin Gomez
|
0-0: Swinging Strike 0-1: Ball 1-1: Ball Jonathon Walton steals 2nd base 2-1: Called Strike 2-2: Ball 3-2: 2-RUN HOME RUN (Flyball, 7D, EV 100.6 MPH), Distance : 387 ft
|
|
Batting: LHB James McCauley
|
0-0: Called Strike 0-1: Ball 1-1: Ball 2-1: Ball 3-1: Base on Balls
|
|
Batting: RHB Jeff Long
|
0-0: Ball 1-0: Foul Ball, location: 2F 1-1: TRIPLE (Flyball, 9D, EV 106.2 MPH) James McCauley scores
|
|
Pinch Runner at 3rd Brett Bugge:
|
|
|
Batting: RHB Josh Faulconer
|
0-0: Called Strike 0-1: SINGLE (Groundball, 56D, EV 94.4 MPH) Brett Bugge scores
|
|
Batting: RHB Juan Martinez
|
0-0: Foul Ball, location: 2F 0-1: Fly out, F8 (Flyball, 8RXD, EV 107.5 MPH)
|
| Bottom of the 1st over - 4 runs, 4 hits, 0 errors, 1 left on base; Fresno 0 - Salt Lake 4 |
| TOP OF THE 2ND |
|
Fresno Grizzlies batting - Pitching for Salt Lake Bees : RHP Bartholomeu Voivodic
|
|
Now at 3B: Brett Bugge
|
|
|
Batting: SHB Paskar Adegoke
|
0-0: Ball 1-0: Swinging Strike 1-1: Foul Ball, location: 2F 1-2: Ball 2-2: Foul Ball, location: 2F 2-2: Foul Ball, location: 2F 2-2: Strikes out swinging
|
|
Batting: RHB Marty King
|
0-0: Ball 1-0: Called Strike 1-1: Fly out, F9 (Line Drive, 89D, EV 86.2 MPH)
|
|
Batting: RHB Bruce Bermudez
|
0-0: Ball 1-0: Swinging Strike 1-1: Called Strike 1-2: Ball 2-2: Ball 3-2: Hit by Pitch
|
|
Batting: LHB Kelvin Jones
|
0-0: Ball 1-0: Called Strike 1-1: Swinging Strike 1-2: Strikes out swinging
|
| Top of the 2nd over - 0 runs, 0 hits, 0 errors, 1 left on base; Fresno 0 - Salt Lake 4 |
| BOTTOM OF THE 2ND |
|
Salt Lake Bees batting - Pitching for Fresno Grizzlies : RHP Scott Spillman
|
|
Batting: RHB Juan Rosa
|
0-0: Called Strike 0-1: Fly out, F6 (Line Drive, 6, EV 61.2 MPH)
|
|
Batting: RHB Kian-tat Chen
|
0-0: Ground out 4-3 (Groundball, 4, EV 81.9 MPH)
|
|
Batting: RHB Ryan Munro
|
0-0: Ball 1-0: Called Strike 1-1: Ball 2-1: Foul Ball, location: 2F 2-2: Strikes out looking
|
| Bottom of the 2nd over - 0 runs, 0 hits, 0 errors, 0 left on base; Fresno 0 - Salt Lake 4 |
| TOP OF THE 3RD |
|
Fresno Grizzlies batting - Pitching for Salt Lake Bees : RHP Bartholomeu Voivodic
|
|
Batting: RHB Nick Deegan
|
0-0: Called Strike 0-1: Ball 1-1: Ball 2-1: Foul Ball, location: 2F 2-2: Fly out, F6 (Line Drive, 6, EV 67.5 MPH)
|
|
Batting: RHB Xavier Castaneda
|
0-0: Called Strike 0-1: Called Strike 0-2: Ball 1-2: Ball 2-2: Foul Ball, location: 2F 2-2: Ball 3-2: Base on Balls
|
|
Batting: RHB Mark Marks
|
0-0: Called Strike 0-1: SINGLE (Popup, 6MS, EV 67.5 MPH) Xavier Castaneda to second
|
|
Batting: RHB Ramon Castellon
|
0-0: Called Strike 0-1: Ball 1-1: Ball 2-1: Foul Ball, location: 2F 2-2: Fly out, F4 (Popup, 4MD, EV 51.2 MPH)
|
|
Batting: RHB Elijah Hunter
|
0-0: Called Strike 0-1: Called Strike 0-2: SINGLE (Groundball, P, EV 93.1 MPH) (infield hit) Xavier Castaneda to third Mark Marks to second
|
|
Batting: SHB Paskar Adegoke
|
0-0: Swinging Strike 0-1: Ball 1-1: Fly out, F8 (Flyball, 8LD, EV 107.5 MPH)
|
| Top of the 3rd over - 0 runs, 2 hits, 0 errors, 3 left on base; Fresno 0 - Salt Lake 4 |
| BOTTOM OF THE 3RD |
|
Salt Lake Bees batting - Pitching for Fresno Grizzlies : RHP Scott Spillman
|
|
Batting: LHB Jonathon Walton
|
0-0: Called Strike 0-1: SINGLE (Line Drive, 4M, EV 100.0 MPH)
|
|
Batting: RHB Melvin Gomez
|
0-0: Called Strike 0-1: Swinging Strike 0-2: Ball 1-2: Foul Ball, location: 2F 1-2: Ball Wild Pitch! Jonathon Walton to second 2-2: Strikes out swinging
|
|
Batting: LHB James McCauley
|
0-0: Ground out 1-3 (Groundball, 34S, EV 73.1 MPH) Jonathon Walton to third
|
|
Batting: LHB Brett Bugge
|
0-0: Foul Ball, location: 2F 0-1: Ball 1-1: SINGLE (Groundball, 34D, EV 98.8 MPH) Jonathon Walton scores
|
|
Pitching: RHP Jorge Aguilar
|
|
|
Batting: RHB Josh Faulconer
|
0-0: Foul Ball, location: 2F 0-1: Foul Ball, location: 2F 0-2: Ball Brett Bugge is caught stealing 2nd base 2-4
|
| Bottom of the 3rd over - 1 run, 2 hits, 0 errors, 0 left on base; Fresno 0 - Salt Lake 5 |
| TOP OF THE 4TH |
|
Fresno Grizzlies batting - Pitching for Salt Lake Bees : RHP Bartholomeu Voivodic
|
|
Batting: RHB Marty King
|
0-0: Swinging Strike 0-1: SINGLE (Groundball, 6, EV 94.4 MPH)
|
|
Batting: RHB Bruce Bermudez
|
0-0: DOUBLE (Line Drive, 7LM, EV 107.5 MPH) Marty King to third
|
|
Batting: LHB Kelvin Jones
|
0-0: Swinging Strike 0-1: Called Strike 0-2: Strikes out swinging
|
|
Batting: RHB Nick Deegan
|
0-0: Ball 1-0: Ball 2-0: Foul Ball, location: 2F 2-1: Ball 3-1: Base on Balls
|
|
Batting: RHB Xavier Castaneda
|
0-0: SINGLE (Groundball, 56S, EV 74.4 MPH) (infield hit) Marty King scores Bruce Bermudez to third Nick Deegan to second
|
|
Batting: RHB Mark Marks
|
0-0: Ball 1-0: Ball 2-0: Foul Ball, location: 2F 2-1: Swinging Strike 2-2: SINGLE (Groundball, 4MD, EV 109.4 MPH) Bruce Bermudez scores Nick Deegan to third Xavier Castaneda to second Runner from 3rd tries for Home, SAFE, throw by CF to home
|
|
Batting: RHB Ramon Castellon
|
0-0: Called Strike 0-1: Ball 1-1: Fly out, F9 (Flyball, 9D, EV 95.6 MPH) Runner from 2nd tags up, SAFE at 3rd, no throw by RF
|
|
Batting: RHB Elijah Hunter
|
0-0: Foul Ball, location: 2F 0-1: Foul Ball, location: 2F 0-2: Ball 1-2: Ball 2-2: Foul Ball, location: 2F 2-2: Strikes out swinging
|
| Top of the 4th over - 3 runs, 4 hits, 0 errors, 2 left on base; Fresno 3 - Salt Lake 5 |
| BOTTOM OF THE 4TH |
|
Salt Lake Bees batting - Pitching for Fresno Grizzlies : RHP Jorge Aguilar
|
|
Batting: RHB Josh Faulconer
|
0-0: Called Strike 0-1: SOLO HOME RUN (Flyball, 7D, EV 96.2 MPH), Distance : 379 ft
|
|
Batting: RHB Juan Martinez
|
0-0: Ball 1-0: Fly out, F9 (Line Drive, 9S, EV 85.6 MPH)
|
|
Batting: RHB Juan Rosa
|
0-0: Called Strike 0-1: Foul Ball, location: 2F 0-2: Ball 1-2: Ball 2-2: Foul Ball, location: 2F 2-2: Ball 3-2: Base on Balls
|
|
Batting: RHB Kian-tat Chen
|
0-0: Called Strike 0-1: Ball 1-1: Called Strike 1-2: 2-RUN HOME RUN (Line Drive, 7D, EV 103.8 MPH), Distance : 402 ft
|
|
Pitching: RHP Manny Bonilla
|
|
|
Batting: RHB Ryan Munro
|
0-0: Ball 1-0: Ball 2-0: Reached on error, E6 (Groundball, 6, EV 86.2 MPH)
|
|
Batting: LHB Jonathon Walton
|
0-0: Ball 1-0: Ball 2-0: Foul Ball, location: 2F 2-1: Called Strike 2-2: Fly out, F8 (Flyball, 8RD, EV 101.2 MPH)
|
|
Batting: RHB Melvin Gomez
|
0-0: Called Strike 0-1: Foul Ball, location: 2F 0-2: Strikes out swinging
|
| Bottom of the 4th over - 3 runs, 2 hits, 1 error, 1 left on base; Fresno 3 - Salt Lake 8 |
| TOP OF THE 5TH |
|
Fresno Grizzlies batting - Pitching for Salt Lake Bees : RHP Bartholomeu Voivodic
|
|
Batting: SHB Paskar Adegoke
|
0-0: Called Strike 0-1: Foul Ball, location: 2F 0-2: Ball 1-2: Fly out, F6 (Popup, P, EV 80.0 MPH)
|
|
Batting: RHB Marty King
|
0-0: Swinging Strike 0-1: Called Strike 0-2: Fly out, F4 (Line Drive, 4, EV 70.6 MPH)
|
|
Batting: RHB Bruce Bermudez
|
0-0: Ball 1-0: Called Strike 1-1: Ground out 1-3 (Groundball, 13S, EV 61.9 MPH)
|
| Top of the 5th over - 0 runs, 0 hits, 0 errors, 0 left on base; Fresno 3 - Salt Lake 8 |
| BOTTOM OF THE 5TH |
|
Salt Lake Bees batting - Pitching for Fresno Grizzlies : RHP Manny Bonilla
|
|
Batting: LHB James McCauley
|
0-0: Ball 1-0: Foul Ball, location: 2F 1-1: Swinging Strike 1-2: Ball 2-2: Ball 3-2: Foul Ball, location: 2F 3-2: Base on Balls
|
|
Batting: LHB Brett Bugge
|
0-0: Fielders Choice at 2nd, 1-6 (Groundball, 13S, EV 75.6 MPH)
|
|
Batting: RHB Josh Faulconer
|
0-0: Ball 1-0: Called Strike 1-1: Grounds into double play, 6-4-3 (Groundball, 6, EV 85.6 MPH)
|
| Bottom of the 5th over - 0 runs, 0 hits, 0 errors, 0 left on base; Fresno 3 - Salt Lake 8 |
| TOP OF THE 6TH |
|
Fresno Grizzlies batting - Pitching for Salt Lake Bees : RHP Bartholomeu Voivodic
|
|
Pitching: RHP Jason Smallwood
|
|
|
Batting: LHB Kelvin Jones
|
0-0: Ball 1-0: Ball 2-0: Called Strike 2-1: Ball 3-1: Base on Balls
|
|
Batting: RHB Nick Deegan
|
0-0: Ball 1-0: Ball 2-0: Ball 3-0: Base on Balls Kelvin Jones to second
|
|
Batting: RHB Xavier Castaneda
|
0-0: Called Strike 0-1: Ball 1-1: Foul Ball, location: 2F 1-2: Grounds into double play, 4-6-3 (Groundball, 4M, EV 91.9 MPH) Kelvin Jones to third
|
|
Batting: RHB Mark Marks
|
0-0: Ball 1-0: Swinging Strike 1-1: Ball 2-1: Ball 3-1: Called Strike 3-2: Strikes out swinging
|
| Top of the 6th over - 0 runs, 0 hits, 0 errors, 1 left on base; Fresno 3 - Salt Lake 8 |
| BOTTOM OF THE 6TH |
|
Salt Lake Bees batting - Pitching for Fresno Grizzlies : RHP Manny Bonilla
|
|
Batting: RHB Juan Martinez
|
0-0: Called Strike 0-1: Ball 1-1: Ball 2-1: Swinging Strike 2-2: Foul Ball, location: 2F 2-2: Strikes out swinging
|
|
Batting: RHB Juan Rosa
|
0-0: Called Strike 0-1: Swinging Strike 0-2: Strikes out swinging
|
|
Batting: RHB Kian-tat Chen
|
0-0: Ball 1-0: Ball 2-0: Foul Ball, location: 2F 2-1: Called Strike 2-2: Foul Ball, location: 2F 2-2: Foul Ball, location: 2F 2-2: Ball 3-2: Foul Ball, location: 2F 3-2: Ground out 4-3 (Groundball, 4, EV 85.0 MPH)
|
| Bottom of the 6th over - 0 runs, 0 hits, 0 errors, 0 left on base; Fresno 3 - Salt Lake 8 |
| TOP OF THE 7TH |
|
Fresno Grizzlies batting - Pitching for Salt Lake Bees : RHP Jason Smallwood
|
|
Batting: RHB Ramon Castellon
|
0-0: Ball 1-0: Ball 2-0: Ball 3-0: Base on Balls
|
|
Batting: RHB Elijah Hunter
|
0-0: Ball Ramon Castellon is caught stealing 2nd base 2-4 1-0: SINGLE (Line Drive, 7S, EV 92.5 MPH)
|
|
Pitching: RHP Allen Weaver
|
|
|
Batting: SHB Paskar Adegoke
|
0-0: Ball 1-0: Ball 2-0: Ball 3-0: Called Strike 3-1: Base on Balls Elijah Hunter to second
|
|
Batting: RHB Marty King
|
0-0: Ball Elijah Hunter steals 3rd base Paskar Adegoke to second 1-0: Called Strike 1-1: Ball 2-1: Fly out, F2 (Popup, 23F, EV 80.0 MPH)
|
|
Batting: RHB Bruce Bermudez
|
0-0: Ball 1-0: Foul Ball, location: 2F 1-1: Foul Ball, location: 2F 1-2: Ball 2-2: Foul Ball, location: 2F 2-2: SINGLE (Groundball, 4MD, EV 107.5 MPH) Elijah Hunter scores Paskar Adegoke to third Runner from 3rd tries for Home, throw by CF and OUT! 8-2
|
| Top of the 7th over - 1 run, 2 hits, 0 errors, 1 left on base; Fresno 4 - Salt Lake 8 |
| BOTTOM OF THE 7TH |
|
Salt Lake Bees batting - Pitching for Fresno Grizzlies : RHP Manny Bonilla
|
|
Pitching: RHP Alex Salinas
|
|
|
Batting: RHB Ryan Munro
|
0-0: Called Strike 0-1: Swinging Strike 0-2: Foul Ball, location: 2F 0-2: Foul Ball, location: 2F 0-2: Ball 1-2: Ball 2-2: Foul Ball, location: 2F 2-2: Strikes out swinging
|
|
Batting: LHB Jonathon Walton
|
0-0: Ball 1-0: Fly out, F7 (Line Drive, 78M, EV 96.9 MPH)
|
|
Batting: RHB Melvin Gomez
|
0-0: Ball 1-0: Ball 2-0: Called Strike 2-1: Ground out 6-3 (Groundball, 6, EV 85.0 MPH)
|
| Bottom of the 7th over - 0 runs, 0 hits, 0 errors, 0 left on base; Fresno 4 - Salt Lake 8 |
| TOP OF THE 8TH |
|
Fresno Grizzlies batting - Pitching for Salt Lake Bees : RHP Allen Weaver
|
|
Batting: LHB Kelvin Jones
|
0-0: Ball 1-0: SOLO HOME RUN (Line Drive, 9D, EV 101.9 MPH), Distance : 391 ft
|
|
Batting: RHB Nick Deegan
|
0-0: Ball 1-0: Called Strike 1-1: Swinging Strike 1-2: SINGLE (Groundball, 6MS, EV 66.9 MPH) (infield hit)
|
|
Batting: RHB Xavier Castaneda
|
0-0: Ball 1-0: Ball 2-0: DOUBLE (Flyball, 8LXD, EV 104.4 MPH) Nick Deegan to third
|
|
Batting: RHB Mark Marks
|
0-0: Ball 1-0: Called Strike 1-1: Called Strike 1-2: Ball 2-2: Ball Wild Pitch! Nick Deegan scores Xavier Castaneda to third 3-2: Strikes out swinging
|
|
Batting: RHB Ramon Castellon
|
0-0: Called Strike 0-1: SINGLE (Groundball, 6D, EV 100.6 MPH) Xavier Castaneda scores
|
|
Pitching: RHP Danny Nava
|
|
|
Batting: RHB Elijah Hunter
|
0-0: Ball 1-0: Ball 2-0: Called Strike 2-1: Ball 3-1: Base on Balls Ramon Castellon to second
|
|
Batting: SHB Paskar Adegoke
|
0-0: Foul Ball, location: 2F 0-1: Ball 1-1: Called Strike 1-2: Ball 2-2: Strikes out swinging
|
|
Batting: RHB Marty King
|
0-0: Foul Ball, location: 2F 0-1: Ball 1-1: Foul Ball, location: 2F 1-2: Fly out, F4 (Line Drive, 4, EV 66.9 MPH)
|
| Top of the 8th over - 3 runs, 4 hits, 0 errors, 2 left on base; Fresno 7 - Salt Lake 8 |
| BOTTOM OF THE 8TH |
|
Salt Lake Bees batting - Pitching for Fresno Grizzlies : RHP Alex Salinas
|
|
Batting: LHB James McCauley
|
0-0: Called Strike 0-1: Swinging Strike 0-2: Strikes out swinging
|
|
Batting: LHB Brett Bugge
|
0-0: Ground out 5-3 (Groundball, 5L, EV 85.6 MPH)
|
|
Batting: RHB Josh Faulconer
|
0-0: Ball 1-0: Ball 2-0: Ball 3-0: Base on Balls
|
|
Batting: RHB Juan Martinez
|
Pickoff Throw to First - Error! E1 Josh Faulconer to second 0-0: Called Strike 0-1: Ball Wild Pitch! Josh Faulconer to third 1-1: Ball 2-1: Ball 3-1: Called Strike 3-2: Fly out, F9 (Flyball, 9LM, EV 75.6 MPH)
|
| Bottom of the 8th over - 0 runs, 0 hits, 1 error, 1 left on base; Fresno 7 - Salt Lake 8 |
| TOP OF THE 9TH |
|
Fresno Grizzlies batting - Pitching for Salt Lake Bees : RHP Danny Nava
|
|
Pitching: LHP Kyle Worford
|
|
|
Batting: RHB Bruce Bermudez
|
0-0: Called Strike 0-1: Foul Ball, location: 2F 0-2: Ball 1-2: Strikes out swinging
|
|
Batting: LHB Kelvin Jones
|
0-0: Ball 1-0: Called Strike 1-1: Foul Ball, location: 2F 1-2: Strikes out looking
|
|
Batting: RHB Nick Deegan
|
0-0: Foul Ball, location: 2F 0-1: Swinging Strike 0-2: Ball 1-2: Strikes out swinging
|
| Top of the 9th over - 0 runs, 0 hits, 0 errors, 0 left on base; Fresno 7 - Salt Lake 8 |
|